Map: Abyssal Reef LE

Players

countcoco - Winner!

  • Race: Terran Terran
  • League: Gold
  • Spawn Location: 5:00

Juxtapose

  • Race: Protoss Protoss
  • League: Gold
  • Spawn Location: 11:00

VOD

https://youtu.be/Iog89pyS87o

Description

This was a really fun match, and countcoco was a really good guy.

Outside of holding off that early rush I'm not pleased with the way I played, but I can't argue with the fun conversation!

Time

  • Played on: Oct. 28, 2017, 8:09 p.m.
  • Length: 16:27
Show
View Real Time Build Order
Export as new Build Order

countcoco Terran - Winner!

Build Orders: MMM Bio 

Get SALT Encoding   

  12  0:03  SCV  
  13  0:17  Supply Depot  
  13  0:24  SCV  
  14  0:36  SCV, Refinery  
  15  0:50  Barracks  
  15  0:51  SCV  
  16  1:04  SCV  
  17  1:17  Barracks  
  17  1:23  SCV  
  18  1:29  Barracks  
  18  1:42  Orbital Command  
  18  1:44  Barracks Tech Lab  
  18  2:04  Factory  
  18  2:06  Refinery  
  18  2:10  SCV  
  19  2:17  Marine  
  19  2:19  Marine  
  21  2:27  Supply Depot  
  21  2:35  SCV  
  22  2:41  Marine  
  23  2:49  Marauder, Marine  
  23  2:50  Factory Tech Lab  
  26  2:54  SCV  
  26  2:57  Combat Shields  
  27  3:20  Siege Tank  
  27  3:22  Marine  
  31  3:56  Supply Depot  
  31  3:58  Barracks Reactor  
  31  3:59  Barracks Tech Lab  
  31  4:05  Starport  
  31  4:18  SCV, Marauder, Siege Tank  
  31  4:22  Marauder  
  39  4:36  Command Center  
  39  4:47  Marine  
  39  4:49  Marine  
  38  4:56  SCV  
  39  5:17  Marine  
  39  5:30  Medivac  
  38  5:46  Marine  
  38  5:47  Marine, Siege Tank  
  38  5:48  Marauder x2  
  45  5:58  Orbital Command  
  40  6:04  Marine  
  40  6:05  Marine  
  40  6:08  Marine x2  
  39  6:14  SCV  
  40  6:22  Marine, Siege Tank  
  40  6:23  Marine  
  45  6:26  SCV, Marine x2  
  45  6:27  Medivac  
  45  6:32  SCV  
  51  6:34  Stimpack  
  51  6:35  Concussive Shells  
  51  6:40  Marine  
  51  6:41  Marine  
  51  6:42  SCV  
  54  7:16  Command Center  
  54  7:30  Supply Depot  
  54  7:31  Supply Depot  
  54  7:35  Refinery x2  
  54  7:51  Siege Tank, Marine x3, Medivac  
  54  7:52  Armory  
  54  7:53  SCV x2, Marine  
  54  7:55  Engineering Bay  
  65  8:04  Supply Depot  
  65  8:05  SCV x2  
  67  8:06  Supply Depot  
  67  8:09  Marauder  
  67  8:11  Marine  
  70  8:22  Starport Tech Lab  
  70  8:25  SCV x2, Marauder, Marine  
  75  8:31  Marauder, Orbital Command  
  77  8:37  SCV  
  78  8:51  Thor  
  78  8:53  Terran Vehicle And Ship Armor Level 1  
  78  8:54  Raven  
  86  8:56  Marauder  
  86  8:57  Marauder, Marine x2  
  90  9:13  Terran Infantry Weapons Level 1  
  90  9:14  Marine x2  
  90  9:15  Missile Turret  
  92  9:19  Missile Turret  
  92  9:21  SCV x3  
  95  9:33  SCV x3  
  95  9:37  Viking  
  99  9:48  Command Center  
  99  10:00  Supply Depot  
  99  10:01  Supply Depot  
  99  10:02  Supply Depot  
  99  10:05  Orbital Command  
  99  10:21  Thor  
  105  10:29  Marauder  
  105  10:30  Marauder, Marine x2  
  111  10:36  SCV  
  111  10:38  Raven  
  114  10:47  Marine  
  114  10:48  SCV, Marine  
  117  10:53  Missile Turret  
  117  11:04  Missile Turret  
  117  11:06  Missile Turret, Orbital Command  
  117  11:11  Terran Infantry Weapons Level 2  
  117  11:12  Terran Vehicle And Ship Armor Level 2  
  117  11:15  Marine x3  
  117  11:17  Marauder  
  122  11:21  Missile Turret  
  122  11:24  Refinery  
  122  11:26  SCV x3  
  122  11:27  Refinery  
  125  11:38  Supply Depot  
  125  11:40  Orbital Command  
  125  11:42  Supply Depot  
  116  12:01  Supply Depot  
  116  12:04  Supply Depot  
  106  12:32  SCV x3  
  106  12:33  SCV, Thor, Refinery  
  106  12:35  Medivac  
  106  12:36  Marauder x2, Marine x2  
  124  12:54  Marine x2  
  124  12:57  Marine x2  
  128  13:05  Medivac  
  130  13:09  SCV x4  
  130  13:11  Marine  
  135  13:16  Thor  
  135  13:17  Marauder x2, Marine  
  146  13:27  Terran Infantry Armor Level 1  
  146  13:29  Terran Vehicle Weapons Level 1, Marine  
  146  13:33  Factory  
  147  13:35  Starport, Factory, Marine  
  147  13:38  Starport  
  148  13:46  Barracks  
  148  13:53  Marauder x2  
  148  13:54  Marine x2  
  154  13:57  Medivac  
  154  13:58  Barracks  
  154  13:59  Thor, Barracks  
  154  14:00  Barracks  
  162  14:13  Sensor Tower  
  161  14:26  Raven  
  163  14:32  Sensor Tower  
  163  14:34  Barracks  
  163  14:39  Sensor Tower  
  163  14:46  Barracks  
  163  14:51  Barracks  
  163  15:10  Raven  
  163  15:11  Medivac  
  163  15:12  Viking  
  163  15:13  Marine x2  
  163  15:14  Marauder, Marine  
  165  15:31  Marine x2  
  167  15:41  Medivac  
  167  15:42  Viking  
Show
View Real Time Build Order
Export as new Build Order

Juxtapose Protoss 

Build Orders:  

Get SALT Encoding   

  12  0:01  Probe (Chrono Boost)  
  13  0:12  Probe (Chrono Boost)  
  14  0:20  Pylon  
  14  0:22  Probe (Chrono Boost)  
  15  0:38  Probe (Chrono Boost)  
  15  0:40  Gateway  
  16  0:51  Probe (Chrono Boost)  
  17  1:00  Assimilator  
  17  1:02  Probe (Chrono Boost)  
  18  1:11  Pylon  
  18  1:14  Probe (Chrono Boost)  
  19  1:24  Probe (Chrono Boost)  
  20  1:40  Probe (Chrono Boost)  
  20  1:42  Cybernetics Core  
  20  1:43  Assimilator  
  20  1:46  Pylon  
  21  1:51  Probe (Chrono Boost)  
  22  1:54  Zealot  
  24  2:02  Probe (Chrono Boost)  
  25  2:13  Probe (Chrono Boost)  
  26  2:18  Pylon  
  26  2:20  Warp Gate (Chrono Boost)  
  26  2:24  Probe (Chrono Boost)  
  27  2:34  Adept  
  29  2:38  Robotics Facility  
  29  2:48  Mothership Core (Chrono Boost)  
  31  3:02  Adept  
  33  3:08  Nexus  
  33  3:28  Observer  
  33  3:33  Pylon  
  34  3:36  Pylon  
  34  3:41  Pylon  
  30  4:13  Gateway  
  30  4:14  Gateway  
  30  4:15  Gateway  
  30  4:28  Forge  
  30  4:31  Probe  
  31  4:41  Probe  
  32  4:52  Probe  
  30  4:53  Mothership Core  
  33  5:14  Immortal (Chrono Boost)  
  37  5:17  Zealot x2  
  34  5:37  Zealot x2  
  34  5:38  Zealot  
  38  5:48  Immortal (Chrono Boost)  
  34  5:58  Stalker x3  
  40  6:08  Probe  
  37  6:19  Probe  
  37  6:22  Immortal (Chrono Boost)  
  42  6:27  Probe  
  42  6:29  Probe  
  44  6:38  Pylon  
  44  6:39  Probe  
  45  6:40  Probe  
  45  6:42  Pylon  
  46  6:50  Probe  
  46  6:51  Probe  
  48  6:55  Stalker  
  48  6:56  Stalker  
  52  7:13  Probe  
  52  7:23  Probe  
  52  7:25  Immortal (Chrono Boost)  
  52  7:28  Sentry  
  52  7:29  Stalker x2  
  63  7:34  Probe  
  63  7:35  Protoss Ground Weapons Level 1  
  64  7:43  Twilight Council  
  64  7:45  Probe  
  64  7:50  Assimilator  
  65  7:52  Assimilator  
  65  7:56  Probe, Sentry x2  
  70  8:03  Stalker x2  
  74  8:16  Warp Prism (Chrono Boost)  
  76  8:21  Dark Shrine  
  76  8:37  Probe  
  76  8:39  Probe  
  78  8:44  Nexus  
  77  8:51  Probe  
  70  9:18  Zealot x4  
  78  9:39  Dark Templar x2  
  78  9:40  Dark Templar x2  
  78  9:41  Probe  
  86  9:51  Probe  
  85  9:53  Probe  
  82  10:01  Probe  
  82  10:05  Probe  
  82  10:12  Probe  
  83  10:16  Immortal (Chrono Boost)  
  83  10:19  Blink  
  87  10:21  Stalker x2  
  91  10:31  Pylon  
  91  10:34  Pylon  
  91  10:38  Pylon  
  95  10:50  Immortal (Chrono Boost)  
  95  10:59  Probe  
  95  11:01  Probe  
  95  11:03  Probe  
  98  11:09  Probe  
  98  11:10  Stalker x2  
  98  11:11  Stalker  
  104  11:15  Probe  
  106  11:20  Probe  
  106  11:24  Immortal (Chrono Boost)  
  111  11:31  Assimilator, Probe  
  112  11:34  Assimilator  
  112  11:37  Gateway  
  112  11:40  Gateway  
  112  11:43  Gateway  
  112  11:58  Observer (Chrono Boost)  
  69  12:20  Charge  
  65  12:24  Robotics Bay  
  65  12:28  Mothership Core  
  65  12:33  Stalker  
  65  12:34  Stalker x3  
  75  12:43  Protoss Ground Armor Level 1  
  75  13:08  Warp Prism (Chrono Boost)  
  77  13:18  Robotics Facility  
  77  13:19  Probe  
  78  13:30  Probe  
  78  13:31  Templar Archives  
  79  13:40  Probe, Observer (Chrono Boost)  
  81  13:48  Stalker  
  81  13:49  Stalker  
  81  13:50  Stalker  
  81  13:51  Stalker x2  
  81  13:52  Stalker  
  81  13:53  Stalker  
  81  13:54  Nexus  
  95  13:58  Observer (Chrono Boost)  
  96  14:07  Extended Thermal Lance  
  99  14:10  Disruptor (Chrono Boost)  
  99  14:16  Disruptor (Chrono Boost)  
  102  14:44  Nexus  
  105  14:46  Disruptor (Chrono Boost)  
Tags
 
Composition
MMM Bio
League
GoldGold
Matchup
PvT
Spawn Locations
Cross Positions
Add a new tag
Caveats
  • Supply blocks, unpowered buildings, or Contaminate may cause inaccurate times.
  • Supply counts are checked every 10 seconds.